[Event "Titled Tuesday Blitz September 27 Early 2022"]
[White "Moreby, James"]
[Black "Vargas, Mauricio"]
[WhiteFideId "427756"]
[BlackFideId "4404572"]
[WhiteElo "1873"]
[BlackElo "2004"]
[Result "1-0"]
[Round "09"]
[TimeControl "180+1"]
[Date "2022.09.27"]
[WhiteClock "0:02:06"]
[BlackClock "0:00:08"]

1. Nf3 Nc6 2. d4 e5 3. d5 Nb4 4. a3 e4 5. axb4 exf3 6. exf3 Bxb4+ 7. c3 Bc5 8. Bd3 d6 9. O-O Ne7 10. b4 Bb6 11. c4 h6 12. Qc2 O-O 13. c5 dxc5 14. bxc5 Nxd5 15. cxb6 Nb4 16. Bh7+ Kh8 17. bxc7 Nxc2 18. cxd8=Q Rxd8 19. Bxc2 Be6 20. Be3 Bc4 21. Rc1 b5 22. Be4 Bd5 23. Bxd5 Rxd5 24. Nc3 Rd3 25. Nxb5 a6 26. Nc7 Rad8 27. Nxa6 Kh7 28. Nc5 R3d5 29. Ne4 f5 30. Nc3 Rd3 31. Rd1 Rxd1+ 32. Rxd1 Rc8 33. Nd5 g5 34. f4 1-0


[Site "https://www.chess.com"]

[Event "Titled Tuesday Blitz September 27 Early 2022"]
[White "Mouhamad, Joachim"]
[Black "Sanchez, Robert"]
[WhiteFideId "656410"]
[BlackFideId "2034360"]
[WhiteElo "2147"]
[BlackElo "2387"]
[Result "1-0"]
[Round "09"]
[TimeControl "180+1"]
[Date "2022.09.27"]
[WhiteClock "0:00:15"]
[BlackClock "0:00:11"]

1. e4 e6 2. d4 d5 3. exd5 exd5 4. c4 Nf6 5. Nc3 Bb4 6. Nf3 O-O 7. Be2 dxc4 8. O-O Bg4 9. h3 Bh5 10. Be3 Nc6 11. Qa4 a6 12. Rad1 b5 13. Qc2 Re8 14. d5 Ne5 15. Nxe5 Rxe5 16. Bxh5 Rxh5 17. a3 Bxc3 18. bxc3 Rxd5 19. Bd4 c6 20. Rde1 Qd6 21. a4 h6 22. Ra1 Re8 23. axb5 axb5 24. Ra6 Rg5 25. Kh1 Qd5 26. f3 Nh5 27. Rfa1 Ng3+ 28. Kh2 Qd6 29. Ra8 Nf5+ 30. Kg1 Rxa8 31. Rxa8+ Kh7 32. Be3 Qd3 33. Qxd3 cxd3 34. Bxg5 hxg5 35. Kf2 c5 36. Ra5 c4 37. Rxb5 1-0


[Site "https://www.chess.com"]

[Event "Titled Tuesday Blitz September 27 Early 2022"]
[White "Murtazin, Ruslan"]
[Black "Hambleton, Aman"]
[WhiteFideId "24175960"]
[BlackFideId "2606577"]
[WhiteElo "2212"]
[BlackElo "2538"]
[Result "1-0"]
[Round "09"]
[TimeControl "180+1"]
[Date "2022.09.27"]
[WhiteClock "0:01:29"]
[BlackClock "0:00:02"]

1. e4 e5 2. Nf3 Nc6 3. Nc3 Bd6 4. d4 exd4 5. Nxd4 Nxd4 6. Qxd4 Qf6 7. Be3 Be5 8. Qc4 Bxc3+ 9. bxc3 Qc6 10. Qd4 Nf6 11. Bd3 O-O 12. O-O d6 13. f4 Re8 14. e5 dxe5 15. fxe5 Nd5 16. Be4 Nxc3 17. Bxc6 Ne2+ 18. Kh1 Nxd4 19. Bxe8 Nxc2 20. Bxf7+ Kh8 21. Bb3 1-0


[Site "https://www.chess.com"]

[Event "Titled Tuesday Blitz September 27 Early 2022"]
[White "Nakamura, Hikaru"]
[Black "Andreikin, Dmitry"]
[WhiteFideId "2016192"]
[BlackFideId "4158814"]
[WhiteElo "2850"]
[BlackElo "2736"]
[Result "1/2-1/2"]
[Round "09"]
[TimeControl "180+1"]
[Date "2022.09.27"]
[WhiteClock "0:00:17"]
[BlackClock "0:00:47"]

1. e4 e5 2. Nf3 Nc6 3. Bb5 Nf6 4. O-O Nxe4 5. Re1 Nd6 6. a4 Be7 7. Nxe5 Nxe5 8. Rxe5 O-O 9. Bf1 Bf6 10. Re1 Nf5 11. c3 c5 12. d3 d5 13. Nd2 Bd7 14. g3 Re8 15. Rxe8+ Qxe8 16. Bg2 Qe6 17. Nf1 Re8 18. Bf4 Bc6 19. Bh3 d4 20. c4 g6 21. Nd2 Ne3 22. Bxe6 Nxd1 23. Bxf7+ Kxf7 24. Rxd1 Bxa4 25. Ra1 Bc6 26. h4 a6 27. Kf1 Be7 28. f3 Ra8 29. Ne4 b5 30. b3 a5 31. Ke2 a4 32. bxa4 bxc4 33. dxc4 Rxa4 34. Rxa4 Bxa4 35. Bd6 Bc6 36. Bxe7 Bxe4 37. Bxc5 d3+ 38. Ke3 d2 39. Kxd2 Bxf3 40. Be3 h5 41. Bf4 Ke6 42. Ke3 Bg4 43. Kd4 Kd7 44. Bg5 Kc8 45. Bf4 Bf5 46. Bg5 Bg4 47. Bf4 Bf5 48. Bg5 Bg4 1/2-1/2


[Site "https://www.chess.com"]

[Event "Titled Tuesday Blitz September 27 Early 2022"]
[White "Namitbir Singh Walia"]
[Black "De Souza, Cristiano Gomes"]
[WhiteFideId "35071068"]
[BlackFideId "2151758"]
[WhiteElo "1664"]
[BlackElo "2068"]
[Result "1-0"]
[Round "09"]
[TimeControl "180+1"]
[Date "2022.09.27"]
[WhiteClock "0:02:03"]
[BlackClock "0:02:17"]

1. d4 Nf6 2. c4 g6 3. g3 d6 4. Bg2 Bg7 5. Nf3 O-O 6. O-O Nc6 7. Nc3 Bf5 8. Re1 Ne4 9. Nh4 Nxc3 10. bxc3 Bd7 11. Rb1 Na5 12. Qd3 Qc8 13. Bg5 Re8 14. e4 c5 15. d5 a6 16. Rb6 Qc7 17. Reb1 Nb3 18. R6xb3 1-0


[Site "https://www.chess.com"]

[Event "Titled Tuesday Blitz September 27 Early 2022"]
[White "Narayanan, Srinath"]
[Black "Sai Han Thiha"]
[WhiteFideId "5018420"]
[BlackFideId "13012290"]
[WhiteElo "2459"]
[BlackElo "1791"]
[Result "0-1"]
[Round "09"]
[TimeControl "180+1"]
[Date "2022.09.27"]
[WhiteClock "0:01:46"]
[BlackClock "0:01:29"]

1. e4 c6 2. d4 d5 3. exd5 cxd5 4. Bd3 Nc6 5. c3 Nf6 6. Bf4 Bg4 7. Qb3 Qd7 8. Nd2 e6 9. Ngf3 Bd6 10. Bxd6 Qxd6 11. h3 Bh5 12. O-O O-O 13. Rae1 Qc7 14. Ne5 Nxe5 15. dxe5 Nd7 16. f4 Bg6 17. Bb5 Nc5 18. Qb4 Bd3 19. Rf3 a5 20. Qd4 Bxb5 21. f5 exf5 22. Rxf5 Ne6 23. Qh4 Bd3 24. Rf2 Bg6 25. Nf3 Nc5 26. Re3 Qd8 27. Qf4 Nd3 28. Rxd3 Bxd3 29. Nd4 Bg6 30. h4 h5 31. Kh2 Qe7 32. Qg3 Rae8 33. e6 Be4 34. Rf5 Bxf5 35. Nxf5 Qf6 0-1


[Site "https://www.chess.com"]

[Event "Titled Tuesday Blitz September 27 Early 2022"]
[White "Niekras, Dawid"]
[Black "Valle Maytin, Luis Enrique"]
[WhiteFideId "1160451"]
[BlackFideId "3503666"]
[WhiteElo "2296"]
[BlackElo "2225"]
[Result "1-0"]
[Round "09"]
[TimeControl "180+1"]
[Date "2022.09.27"]
[WhiteClock "0:00:39"]
[BlackClock "0:00:01"]

1. e4 c6 2. Nf3 d5 3. d3 Bg4 4. h3 Bxf3 5. Qxf3 e6 6. g3 Nf6 7. Bg2 Nbd7 8. O-O Be7 9. Qe2 O-O 10. e5 Ne8 11. d4 c5 12. c3 Nc7 13. Nd2 a6 14. f4 cxd4 15. cxd4 Nb5 16. Nf3 Qb6 17. Be3 Rac8 18. Rac1 Na7 19. g4 Nc6 20. f5 Rfe8 21. Qf2 Nb4 22. fxe6 fxe6 23. Ng5 Bxg5 24. Bxg5 h6 25. Rxc8 Rxc8 26. Qf7+ Kh7 27. Qxd7 Rc2 28. Bf6 Qxd4+ 29. Kh1 Rc7 30. Qxc7 Kg6 31. Qxg7# 1-0


[Site "https://www.chess.com"]

[Event "Titled Tuesday Blitz September 27 Early 2022"]
[White "Nigmatov, Ortik"]
[Black "Vokhidov, Shamsiddin"]
[WhiteFideId "14202131"]
[BlackFideId "14204223"]
[WhiteElo "2378"]
[BlackElo "2619"]
[Result "1-0"]
[Round "09"]
[TimeControl "180+1"]
[Date "2022.09.27"]
[WhiteClock "0:01:13"]
[BlackClock "0:00:42"]

1. e4 c5 2. Nf3 d6 3. d4 cxd4 4. Nxd4 Nf6 5. Nc3 a6 6. Bg5 Nbd7 7. Qe2 h6 8. Bh4 g6 9. f4 e5 10. fxe5 dxe5 11. O-O-O Qc7 12. Nb3 b5 13. Nd5 Nxd5 14. exd5 Bd6 15. Qd2 f5 16. g4 f4 17. Bd3 g5 18. Bf2 Nf6 19. h4 Bxg4 20. hxg5 Bxd1 21. Qxd1 e4 22. gxf6 exd3 23. Re1+ Kd8 24. Nd4 Kc8 25. Qxd3 Kb7 26. Ne6 Qc4 27. Qg6 Rhc8 28. Qf7+ Kb8 29. Nd4 Qxa2 30. Re8 Qa1+ 31. Kd2 Qa5+ 32. c3 Qc7 33. Nc6+ Kb7 34. Na5+ Kb8 35. Rxc8+ Kxc8 36. Qe8+ 1-0


[Site "https://www.chess.com"]

[Event "Titled Tuesday Blitz September 27 Early 2022"]
[White "Nord, Alexander"]
[Black "Saravana, Krishnan P."]
[WhiteFideId "1738135"]
[BlackFideId "5018382"]
[WhiteElo "1968"]
[BlackElo "2155"]
[Result "1-0"]
[Round "09"]
[TimeControl "180+1"]
[Date "2022.09.27"]
[WhiteClock "0:00:19"]
[BlackClock "0:00:41"]

1. b3 d5 2. Bb2 Bg4 3. g3 Nf6 4. Bg2 e6 5. Nf3 Nbd7 6. O-O Be7 7. d3 O-O 8. Nbd2 a5 9. a3 b5 10. h3 Bxf3 11. Nxf3 b4 12. axb4 axb4 13. Re1 c5 14. e4 Qb8 15. Nd2 Rc8 16. exd5 Rxa1 17. Qxa1 e5 18. Bxe5 Nxe5 19. Qxe5 Bd6 20. Qe2 Re8 21. Qd1 h5 22. Nc4 Rxe1+ 23. Qxe1 h4 24. gxh4 Bh2+ 25. Kf1 Bf4 26. Qe7 Qa8 27. Qxc5 Qa1+ 28. Ke2 Qc1 29. Ne3 Nh5 30. Qc8+ Kh7 31. Be4+ g6 32. d4 Ng3+ 33. Kf3 Bxe3 34. fxe3 Nh5 35. Bd3 Qh1+ 36. Ke2 Ng3+ 37. Kd2 Qxd5 38. Qg4 Qg2+ 39. Kc1 Qg1+ 40. Kb2 Qe1 41. h5 Qc3+ 42. Ka2 Qc7 43. hxg6+ Kg7 44. gxf7+ Kxf7 45. Qf4+ 1-0


[Site "https://www.chess.com"]

[Event "Titled Tuesday Blitz September 27 Early 2022"]
[White "Omariev, Maksim"]
[Black "Cramling Bellon, Anna"]
[WhiteFideId "4193423"]
[BlackFideId "32009232"]
[WhiteElo "2380"]
[BlackElo "1905"]
[Result "1-0"]
[Round "09"]
[TimeControl "180+1"]
[Date "2022.09.27"]
[WhiteClock "0:00:24"]
[BlackClock "0:00:02"]

1. g4 d5 2. Bg2 Bxg4 3. c4 e6 4. Qb3 Nc6 5. cxd5 exd5 6. Bxd5 Bc5 7. Nc3 Nd4 8. Bxf7+ Kf8 9. Qc4 Nc2+ 10. Kd1 Nxa1 11. Bxg8 Rxg8 12. Qxc5+ Qd6 13. Qc4 Bf5 14. e4 Be6 15. Qa4 Rd8 16. Nge2 Qd3 17. Rg1 Bb3+ 18. axb3 Qc2+ 19. Ke1 Nxb3 20. Rg3 c6 21. d4 b5 22. Rf3+ Ke7 23. Qxa7+ Rd7 24. Bg5+ Ke6 25. Nf4+ Kd6 26. e5# 1-0


[Site "https://www.chess.com"]

[Event "Titled Tuesday Blitz September 27 Early 2022"]
[White "Oparin, Grigoriy"]
[Black "Rostovtsev, Dmitry"]
[WhiteFideId "24125890"]
[BlackFideId "34278320"]
[WhiteElo "2639"]
[BlackElo "2313"]
[Result "1-0"]
[Round "09"]
[TimeControl "180+1"]
[Date "2022.09.27"]
[WhiteClock "0:01:45"]
[BlackClock "0:01:33"]

1. c4 e5 2. Nc3 Bb4 3. Nd5 Be7 4. d4 exd4 5. Qxd4 Nf6 6. Nxe7 Qxe7 7. Bg5 Nc6 8. Qc3 d6 9. Nf3 h6 10. Bxf6 Qxf6 11. Qxf6 gxf6 12. e3 Be6 13. Kd2 Ne5 14. Rc1 Nxf3+ 15. gxf3 O-O-O 16. Bd3 c5 17. Rhg1 b6 18. e4 Rdg8 19. f4 Kd8 20. Ke3 Ke7 21. f5 Bd7 22. Rg3 Rg5 23. f4 Rgg8 24. Rcg1 Kf8 25. Be2 Bc6 26. Bf3 Bb7 27. a3 Ba6 28. b3 Bb7 29. b4 Bc6 30. b5 Bb7 31. Rxg8+ Rxg8 32. Rxg8+ Kxg8 33. e5 Bxf3 34. exd6 Kf8 35. Kxf3 Ke8 36. Ke4 Kd8 37. Kd5 Kd7 38. h3 h5 39. h4 Kd8 40. Kc6 Kc8 41. d7+ Kd8 42. Kd6 a5 43. bxa6 b5 44. a7 b4 45. a8=Q# 1-0


[Site "https://www.chess.com"]

[Event "Titled Tuesday Blitz September 27 Early 2022"]
[White "Orlov, Georgi"]
[Black "Melikhov, Evgeny V."]
[WhiteFideId "2011271"]
[BlackFideId "4122046"]
[WhiteElo "2580"]
[BlackElo "1963"]
[Result "1-0"]
[Round "09"]
[TimeControl "180+1"]
[Date "2022.09.27"]
[WhiteClock "0:00:17"]
[BlackClock "0:00:01"]

1. d4 Nf6 2. Nf3 d5 3. c4 e6 4. Nc3 Bb4 5. e3 O-O 6. Bd3 dxc4 7. Bxc4 Nc6 8. O-O Bd6 9. Bb5 e5 10. Bxc6 exd4 11. Bxb7 Bxb7 12. Nxd4 h5 13. Nf5 Bxh2+ 14. Kxh2 Ng4+ 15. Kg1 Qf6 16. Nd5 Bxd5 17. Qxd5 g6 18. Nd4 Qh4 19. Nf3 Qf6 20. e4 Rad8 21. Qc5 Rfe8 22. Bg5 Qd6 23. Qc2 f6 24. Rad1 Qb6 25. Rxd8 Rxd8 26. Bf4 g5 27. Bxc7 Rc8 28. Bxb6 Rxc2 29. Bd4 Kf7 30. g3 Ke6 31. Re1 a5 32. Kf1 a4 33. Re2 Rc1+ 34. Kg2 a3 35. bxa3 Rc4 36. Bb2 Nh6 37. e5 f5 38. Nxg5+ Ke7 39. e6 Ng4 40. Nf3 f4 41. Nh4 Ra4 42. Nf5+ Ke8 43. e7 Ne5 44. Nd6+ Kxe7 45. Rxe5+ Kxd6 46. gxf4 1-0


[Site "https://www.chess.com"]

[Event "Titled Tuesday Blitz September 27 Early 2022"]
[White "Ovchinnikov, Vsevolod"]
[Black "Rios Escobar, Adan"]
[WhiteFideId "24176842"]
[BlackFideId "3403645"]
[WhiteElo "2376"]
[BlackElo "2331"]
[Result "1-0"]
[Round "09"]
[TimeControl "180+1"]
[Date "2022.09.27"]
[WhiteClock "0:01:23"]
[BlackClock "0:00:01"]

1. Nf3 Nf6 2. c4 g6 3. b3 Bg7 4. Bb2 O-O 5. g3 d6 6. d4 e5 7. dxe5 dxe5 8. Qxd8 Rxd8 9. Nxe5 Ne4 10. Nd3 Bxb2 11. Nxb2 Nc6 12. Bg2 Re8 13. Bxe4 Rxe4 14. Nc3 Re7 15. O-O-O Bf5 16. Rd2 Rae8 17. Rhd1 Nb4 18. a3 Na6 19. b4 c6 20. Rd8 Rxd8 21. Rxd8+ Kg7 22. f3 h5 23. e4 Be6 24. h4 Nc7 25. Kd2 Ne8 26. Ke3 Nd6 27. Rxd6 f5 28. c5 Kf7 29. Nd3 Bc4 30. Kf4 Bxd3 31. Rxd3 fxe4 32. Nxe4 a5 33. bxa5 Kg7 34. Rb3 Rf7+ 35. Ke5 Rf5+ 36. Kd6 Rf7 37. Ke6 b5 38. axb6 Rb7 39. a4 Rb8 40. a5 Kh6 41. a6 g5 42. Nxg5 Kg6 43. a7 Re8+ 44. Kd7 Rf8 45. b7 Kh6 46. b8=Q Rg8 47. Qd6+ Kg7 48. Qe7+ 1-0


[Site "https://www.chess.com"]

[Event "Titled Tuesday Blitz September 27 Early 2022"]
[White "Pacheco Lugo, Alejandro Jose"]
[Black "Foerster-Yialamas, Lucas"]
[WhiteFideId "3903745"]
[BlackFideId "30901774"]
[WhiteElo "2146"]
[BlackElo "1804"]
[Result "1-0"]
[Round "09"]
[TimeControl "180+1"]
[Date "2022.09.27"]
[WhiteClock "0:00:06"]
[BlackClock "0:00:04"]

1. e4 c6 2. d4 d5 3. e5 Bf5 4. Nd2 e6 5. Nb3 Nd7 6. Nf3 a6 7. a4 c5 8. dxc5 Nxc5 9. c4 dxc4 10. Qxd8+ Rxd8 11. Nxc5 Bxc5 12. Bxc4 Bb4+ 13. Ke2 Ne7 14. Be3 O-O 15. Rhd1 Rc8 16. h3 b5 17. Bd3 Bxd3+ 18. Rxd3 Rc2+ 19. Kf1 Rxb2 20. axb5 axb5 21. Ra7 Nd5 22. Rb7 Rb1+ 23. Ke2 Nc3+ 24. Kd2 Rc8 25. Bd4 Rb2+ 26. Ke3 Re2+ 27. Kf4 Nd5+ 28. Kg3 Be1 29. Rxb5 h5 30. Rb1 h4+ 31. Nxh4 Rcc2 32. Nf3 Bc3 33. Bxc3 Nxc3 34. Rf1 Ne4+ 35. Kf4 Nxf2 36. Rd8+ Kh7 37. Ng5+ Kh6 38. Nxf7+ Kg6 39. Ng5 Rc3 40. Nf3 Nd3+ 41. Kg3 Nxe5 42. Rf8 Nxf3 43. R8xf3 Ree3 44. Rxe3 Rxe3+ 45. Kf4 Re2 46. g4 e5+ 47. Kg3 Kg5 48. h4+ Kg6 49. Rf5 Re3+ 50. Kf2 Re4 51. h5+ Kh6 52. Kg3 Re1 53. Kh4 Rh1+ 54. Kg3 Re1 55. Rf7 e4 56. Kh4 Rh1+ 57. Kg3 Re1 58. Re7 Kg5 59. Re5+ Kf6 60. Rf5+ Ke6 61. Kf4 Rf1+ 62. Kxe4 Re1+ 63. Kf4 Rg1 64. Kg5 Ke7 65. Rf4 Ke6 66. Kg6 Ke5 67. Ra4 Rb1 68. Kxg7 Rb7+ 69. Kh6 Rb6+ 70. Kg5 Ke6 71. Kh4 Kf7 72. Rf4+ Kg7 73. Rf5 Rb4 74. Rg5+ Kh6 75. Rg6+ Kh7 76. Rf6 Kg7 77. Rf5 Kh6 78. Rf6+ Kg7 79. Kg5 Rb5+ 80. Rf5 Rb6 81. h6+ Kh7 82. Rf7+ Kg8 83. Rg7+ Kh8 84. Kh5 Rb1 85. Rc7 Rh1+ 86. Kg6 Rb1 87. Rc8# 1-0


[Site "https://www.chess.com"]

[Event "Titled Tuesday Blitz September 27 Early 2022"]
[White "Pakleza, Zbigniew"]
[Black "Tang, Andrew"]
[WhiteFideId "1119290"]
[BlackFideId "2059630"]
[WhiteElo "2411"]
[BlackElo "2584"]
[Result "1-0"]
[Round "09"]
[TimeControl "180+1"]
[Date "2022.09.27"]
[WhiteClock "0:00:26"]
[BlackClock "0:00:02"]

1. d4 d5 2. Bf4 Nf6 3. e3 e6 4. Nd2 Bd6 5. Bg3 O-O 6. Ngf3 c5 7. c3 Qc7 8. Be2 Nbd7 9. c4 cxd4 10. Nxd4 Bxg3 11. hxg3 dxc4 12. Nxc4 Rd8 13. O-O Nb6 14. Qb3 Nxc4 15. Bxc4 e5 16. Nb5 Qe7 17. Rfd1 Rxd1+ 18. Rxd1 Bg4 19. f3 Bh5 20. Qa3 Qxa3 21. Nxa3 a6 22. g4 Bg6 23. e4 Kf8 24. Bb3 b5 25. Nc2 h5 26. gxh5 Bxh5 27. Ne3 Rc8 28. Rd6 a5 29. Rb6 a4 30. Bd5 Rc5 31. b4 axb3 32. axb3 Rc3 33. Kf2 Nxd5 34. Nxd5 Rc2+ 35. Kg3 f6 36. Rxb5 Kg8 37. Rb8+ Kh7 38. Rb7 Rb2 39. Nxf6+ Kh6 40. Nxh5 Kxh5 41. b4 g5 42. b5 Rb3 43. b6 Kg6 44. Rb8 Rb2 45. b7 Kg7 46. Kh3 Kh7 47. g3 Kg7 48. Kg4 Rb6 49. Kxg5 1-0


[Site "https://www.chess.com"]

[Event "Titled Tuesday Blitz September 27 Early 2022"]
[White "Papp, Levente"]
[Black "Guliev, Logman"]
[WhiteFideId "751243"]
[BlackFideId "13400061"]
[WhiteElo "2341"]
[BlackElo "2128"]
[Result "1/2-1/2"]
[Round "09"]
[TimeControl "180+1"]
[Date "2022.09.27"]
[WhiteClock "0:00:07"]
[BlackClock "0:00:04"]

1. Nf3 Nf6 2. g3 g6 3. b3 Bg7 4. Bb2 O-O 5. Bg2 d5 6. c4 c6 7. O-O Bg4 8. Ne5 Bf5 9. d4 Nbd7 10. Nc3 dxc4 11. e4 Be6 12. Nxc4 Bxc4 13. bxc4 e5 14. d5 Nc5 15. Ba3 Qa5 16. Bxc5 Qxc5 17. Qb3 Rab8 18. Na4 Qa5 19. c5 cxd5 20. exd5 e4 21. Rac1 Nxd5 22. Qxd5 Qxa4 23. Bxe4 Rfd8 24. Qc4 Rd4 25. Qxa4 Rxa4 26. Bd5 Bd4 27. Bb3 Ra5 28. c6 bxc6 29. Rxc6 Rf5 30. Kg2 Re8 31. Rc2 h5 32. h4 Kg7 33. Rd2 Bb6 34. Rc1 Ree5 35. Rcc2 Re1 36. Rd3 Rf6 37. Rf3 Rg1+ 38. Kxg1 Rxf3 39. Kg2 Rf5 40. Re2 a5 41. Rc2 Bc5 42. Re2 Kf8 43. Rd2 Ke7 44. Re2+ Kd6 45. Rd2+ Kc6 46. f4 Kb5 47. Rd5 Rf6 48. Rd7 a4 49. Bxf7 Kb4 50. Be8 Kc3 51. Rc7 Kb4 52. Rb7+ Kc3 53. Bxa4 Rd6 54. Rb3+ Kc4 55. Bb5+ Kd4 56. Rd3+ Ke4 57. Rxd6 Bxd6 58. Be8 Kf5 59. a4 Bb4 60. Kf3 Kf6 61. Ke4 Ba5 62. Kd5 Be1 63. Kc6 Bxg3 64. a5 Bxf4 65. a6 Be3 66. Kb7 g5 67. hxg5+ Kxg5 68. Bxh5 Kxh5 69. a7 Bxa7 1/2-1/2


[Site "https://www.chess.com"]

[Event "Titled Tuesday Blitz September 27 Early 2022"]
[White "Petrosyan, Manuel"]
[Black "Lazavik, Denis"]
[WhiteFideId "13300857"]
[BlackFideId "13515110"]
[WhiteElo "2592"]
[BlackElo "2437"]
[Result "1-0"]
[Round "09"]
[TimeControl "180+1"]
[Date "2022.09.27"]
[WhiteClock "0:00:25"]
[BlackClock "0:00:07"]

1. Nf3 d5 2. g3 Nf6 3. Bg2 e6 4. O-O Be7 5. c4 O-O 6. d4 dxc4 7. Qc2 a6 8. a4 Bd7 9. Qxc4 Bc6 10. Bg5 Nbd7 11. Nc3 h6 12. Bxf6 Nxf6 13. b4 Bd5 14. Nxd5 exd5 15. Qb3 c6 16. e3 Bd6 17. b5 axb5 18. axb5 Qb6 19. Rab1 Ra3 20. Qb2 Ne4 21. bxc6 Qxb2 22. Rxb2 bxc6 23. Rc2 Rc8 24. Rfc1 c5 25. Nh4 Ra5 26. Nf5 Bf8 27. Bxe4 dxe4 28. g4 c4 29. Rxc4 Rxc4 30. Rxc4 h5 31. h3 hxg4 32. hxg4 g6 33. Ng3 Rg5 34. Nxe4 Rxg4+ 35. Ng3 Bd6 36. Kg2 Bxg3 37. fxg3 Rg5 38. Rc5 f5 39. Rc7 Rg4 40. Kf3 Kf8 41. Rh7 Re4 42. Rh4 Re7 43. g4 Kg7 44. g5 Ra7 45. Rh1 Kf7 46. Rh7+ 1-0


[Site "https://www.chess.com"]

[Event "Titled Tuesday Blitz September 27 Early 2022"]
[White "Piesik, Piotr"]
[Black "Janaszak, Dawid"]
[WhiteFideId "1136194"]
[BlackFideId "1119206"]
[WhiteElo "2221"]
[BlackElo "2165"]
[Result "1-0"]
[Round "09"]
[TimeControl "180+1"]
[Date "2022.09.27"]
[WhiteClock "0:00:24"]
[BlackClock "0:00:13"]

1. Nf3 c5 2. e4 Nc6 3. Bb5 g6 4. Bxc6 bxc6 5. O-O Bg7 6. Re1 Nf6 7. e5 Nd5 8. c4 Nc7 9. d4 cxd4 10. Qxd4 Ne6 11. Qh4 h6 12. Nc3 Rb8 13. b3 Qc7 14. Bb2 Kf8 15. Ne4 Ba6 16. Rad1 g5 17. Qg4 Bxc4 18. Nf6 Bd5 19. Nxd5 cxd5 20. Rxd5 Qc2 21. Rd2 Qc6 22. Rc1 Qb5 23. Qc4 Qxc4 24. Rxc4 Ke8 25. Rd5 f6 26. Ra4 Rb7 27. Rda5 fxe5 28. Rxa7 Rxa7 29. Rxa7 d6 30. Ba3 e4 31. Nd2 Bd4 32. Ra8+ Kd7 33. Rxh8 Bxh8 34. Nxe4 Kc6 35. Kf1 Nd4 36. Bb2 d5 37. Ng3 Bf6 38. Bxd4 Bxd4 39. Nf5 Bc3 40. Nxe7+ Kc5 41. Ke2 d4 42. Nf5 Kd5 43. Nxh6 Ke4 44. f3+ Kf4 45. g3+ Ke5 46. Kd3 Ba5 47. Nf7+ Kf5 48. Nd6+ Ke5 49. Nc4+ 1-0


[Site "https://www.chess.com"]

[Event "Titled Tuesday Blitz September 27 Early 2022"]
[White "Quispe Santacruz, Javier"]
[Black "Jumanov, Elbek"]
[WhiteFideId "3800920"]
[BlackFideId "14202905"]
[WhiteElo "1930"]
[BlackElo "2054"]
[Result "0-1"]
[Round "09"]
[TimeControl "180+1"]
[Date "2022.09.27"]
[WhiteClock "0:00:14"]
[BlackClock "0:00:34"]

1. e4 c5 2. Nf3 e6 3. d4 cxd4 4. Nxd4 Nf6 5. f3 Nc6 6. Bb5 Nxd4 7. Qxd4 Qa5+ 8. Nc3 Bb4 9. Bd3 O-O 10. Bd2 d5 11. a3 Bc5 12. Qe5 Qb6 13. Na4 Bf2+ 14. Ke2 Qd4 15. Qxd4 Bxd4 16. Bc3 dxe4 17. fxe4 Bxc3 18. Nxc3 Bd7 19. Rad1 Rac8 20. e5 Nd5 21. Nxd5 exd5 22. c3 Bg4+ 23. Ke3 Bxd1 24. Rxd1 Rfe8 25. Kd4 Rcd8 26. Rf1 Re7 27. h3 Rde8 28. Kxd5 Rxe5+ 29. Kc4 f6 30. Kb3 Kf7 31. Bc4+ Ke7 32. Rd1 Rd8 33. Rf1 b5 34. Be2 Rxe2 0-1


[Site "https://www.chess.com"]

[Event "Titled Tuesday Blitz September 27 Early 2022"]
[White "Rangel, Daniel"]
[Black "Martin, Lewis"]
[WhiteFideId "2124475"]
[BlackFideId "410551"]
[WhiteElo "2225"]
[BlackElo "2145"]
[Result "1/2-1/2"]
[Round "09"]
[TimeControl "180+1"]
[Date "2022.09.27"]
[WhiteClock "0:00:05"]
[BlackClock "0:00:12"]

1. d4 d5 2. Nf3 Nf6 3. g3 c6 4. Bg2 Bf5 5. O-O e6 6. c3 Bd6 7. Nbd2 Nbd7 8. Nh4 Qe7 9. Nxf5 exf5 10. Qc2 f4 11. Re1 fxg3 12. hxg3 O-O-O 13. e4 dxe4 14. Nxe4 Nxe4 15. Rxe4 Qf6 16. b4 h5 17. b5 cxb5 18. a4 h4 19. axb5 hxg3 20. Rxa7 Nb6 21. Rxb7 gxf2+ 22. Kf1 Kxb7 23. Rf4+ Kb8 24. Rxf6 gxf6 25. Qe4 Rd7 26. Qc6 Ka7 27. Qf3 Rc8 28. Bd2 Re7 29. Qxf2 Rce8 30. Bf3 Nc4 31. Bc1 Kb6 32. Kg2 Rg8+ 33. Kf1 Bg3 34. Qa2 Re1+ 35. Kg2 Bf4+ 36. Bg4 Rxg4+ 37. Kf3 Rxc1 38. Qa6+ Kc7 39. Qc6+ Kd8 40. Qxc4 Rcg1 41. Qd5+ Ke7 42. Qb7+ Kf8 43. Qc8+ Kg7 44. Qxg4+ Rxg4 45. Kxg4 Bc7 46. Kf5 Kf8 47. Kxf6 Ke8 48. Kf5 Ke7 49. c4 Kd6 50. Ke4 Bd8 51. c5+ Ke6 52. d5+ Kd7 53. d6 Ke6 54. Kd4 f5 55. Kc4 f4 56. Kd4 f3 57. Ke3 Kd5 58. c6 Kxd6 59. Kxf3 Kc5 60. Ke4 Kxb5 61. c7 Bxc7 1/2-1/2


[Site "https://www.chess.com"]

[Event "Titled Tuesday Blitz September 27 Early 2022"]
[White "Ravi, Teja S."]
[Black "Xu, Yi"]
[WhiteFideId "5017220"]
[BlackFideId "8605564"]
[WhiteElo "2432"]
[BlackElo "2471"]
[Result "1-0"]
[Round "09"]
[TimeControl "180+1"]
[Date "2022.09.27"]
[WhiteClock "0:01:09"]
[BlackClock "0:00:21"]

1. d4 Nf6 2. Nf3 d5 3. Bf4 c5 4. e3 e6 5. Nbd2 Qb6 6. Rb1 Bd6 7. c3 Bxf4 8. exf4 cxd4 9. Nxd4 Nc6 10. N2f3 O-O 11. Bd3 Bd7 12. O-O Nxd4 13. Nxd4 Qd6 14. g3 a6 15. Re1 b5 16. a3 Bc6 17. Qe2 Nd7 18. Rbd1 Nc5 19. Bc2 Bb7 20. Qh5 g6 21. Qg4 Kh8 22. h4 Qd8 23. h5 Qf6 24. hxg6 hxg6 25. Kg2 Ne4 26. f3 Nc5 27. b4 Na4 28. Nxe6 fxe6 29. Rxe6 Bc8 30. Rxf6 Bxg4 31. Rh1+ Kg7 32. Rxg6+ Kf7 33. Rh7+ Ke8 34. fxg4 Nxc3 35. Re6+ Kd8 36. Rd6+ Kc8 37. Rc6+ Kb8 38. Rxc3 1-0


[Site "https://www.chess.com"]

[Event "Titled Tuesday Blitz September 27 Early 2022"]
[White "Reyes, Narquingden"]
[Black "Gorshtein, Ido"]
[WhiteFideId "5217334"]
[BlackFideId "2815532"]
[WhiteElo "2313"]
[BlackElo "2411"]
[Result "1-0"]
[Round "09"]
[TimeControl "180+1"]
[Date "2022.09.27"]
[WhiteClock "0:01:04"]
[BlackClock "0:00:02"]

1. d4 d6 2. Nf3 g6 3. e4 Bg7 4. Nc3 a6 5. a4 b6 6. h3 Bb7 7. Be2 Nd7 8. O-O e6 9. Re1 Ne7 10. Be3 O-O 11. Qd2 c5 12. Bh6 Bh8 13. Bxf8 Kxf8 14. Rad1 cxd4 15. Nxd4 Nc5 16. Bf1 Qc7 17. Nf3 Rd8 18. Qh6+ Ke8 19. Qxh7 Bxc3 20. bxc3 Nxe4 21. Rxe4 Bxe4 22. Ng5 Bd5 23. Qxf7+ Kd7 24. Bxa6 Kc6 25. Nxe6 Bxe6 26. Qxe6 Rf8 27. Rd4 Rf5 28. Re4 b5 29. Bxb5+ Kb6 30. Qxe7 Qc5 31. Qd8+ Qc7 32. a5+ Kb7 33. Ba6+ Kc6 34. Rc4+ Kd5 35. Qxc7 1-0


[Site "https://www.chess.com"]